 Dungeon Crawl Stone Soup version 0.30.0-29-ga12c61a403 (webtiles) character file.

Game seed: 12758009803344876729

109 cdecastro the Shooter (level 4, -2/37 HPs)
             Began as a Minotaur Hunter on June 9, 2023.
             Slain by a black bear (4 damage)
             ... on level 4 of the Dungeon on June 10, 2023.
             The game lasted 00:04:45 (1736 turns).

cdecastro the Shooter (Minotaur Hunter)             Turns: 1736, Time: 00:04:46

Health: -2/37      AC: 12    Str: 17    XL:     4   Next: 59%
Magic:  3/3        EV:  8    Int:  6    God:
Gold:   141        SH:  0    Dex: 14    Spells: 3/3 levels left

rFire   . . .        a - +0 shortbow
rCold   . . .        (shield currently unavailable)
rNeg    . . .        k - +4 chain mail
rPois   .            (helmet restricted)
rElec   .            (no cloak)
rCorr   .            (no gloves)
SInv    .            (no boots)
Will    .....        (no amulet) Stlth
                     (no ring)
HPRegen 0.26/turn    (no ring)
MPRegen 0.08/turn

%: no passive effects
@: no status effects
A: horns 2, retaliatory headbutt
a: no special abilities


You were on level 4 of the Dungeon.
You visited 1 branch of the dungeon, and saw 4 of its levels.

You collected 141 gold pieces.

Inventory:

Hand Weapons
 a - a +0 shortbow (weapon)
Armour
 c - a +0 leather armour
 k - a +4 chain mail (worn)
Scrolls
 b - 2 scrolls of immolation
 e - 6 scrolls of teleportation {unknown}
 f - a scroll of fog {unknown}
 g - 4 scrolls of identify {unknown}
 h - 2 scrolls of noise {unknown}
 l - a scroll of brand weapon {unknown}
 m - a scroll of amnesia {unknown}
Potions
 d - 3 potions of flight {unknown}
 i - a potion of curing {unknown}
 j - a potion of degeneration {unknown}
 n - a potion of invisibility {unknown}
 o - a potion of brilliance {unknown}


   Skills:
 - Level 2.4 Fighting
 + Level 6.6 Ranged Weapons
 - Level 2.1 Dodging
 - Level 0.7 Stealth


You had 3 spell levels left.
You didn't know any spells.
Your spell library contained the following spells:

 Spells                   Type           Power      Damage    Failure   Level
 Blink                    Tloc           0%         N/A       100%        2
 Static Discharge         Conj/Air       0%         2-2/arc   100%        2
 Airstrike                Air            0%         2d(0-16)  100%        4
 Manifold Assault         Tloc           0%         N/A       100%        4
 Petrify                  Tmut/Erth      0%         N/A       100%        4
 Summon Lightning Spire   Summ/Air       0%         N/A       100%        4
 Metabolic Englaciation   Hex/Ice        0%         N/A       100%        5
 Statue Form              Tmut/Erth      0%         N/A       100%        6
 Storm Form               Tmut/Air       0%         N/A       100%        7


Dungeon Overview and Level Annotations

Branches:
Dungeon (4/15)
 Temple: D:4-7

Altars:

Shops:
D:3 (


Innate Abilities, Weirdness & Mutations

You have a pair of horns on your head.
You reflexively headbutt those who attack you in melee.


Message History

The black bear bites you!
The black bear claws you but does no damage. x2
You shoot an arrow.
The arrow hits the black bear but does no damage.
The black bear is heavily wounded.
The black bear closely misses you. You furiously retaliate!
You headbutt the black bear. The black bear claws you.
* * * LOW HITPOINT WARNING * * *
The black bear claws you but does no damage.
The black bear bites you.
* * * LOW HITPOINT WARNING * * *
The black bear claws you.
* * * LOW HITPOINT WARNING * * *
The black bear claws you but does no damage.
You shoot an arrow. The arrow barely misses the black bear.
The black bear barely misses you. The black bear closely misses you.
The black bear claws you but does no damage.
Unknown command.
You shoot an arrow. The arrow hits the black bear!
The black bear is almost dead.
The black bear goes berserk!
The black bear barely misses you. The black bear claws you.
* * * LOW HITPOINT WARNING * * *
The black bear closely misses you.
Unknown command.
You shoot an arrow. The arrow barely misses the black bear.
The black bear bites you but does no damage.
The black bear claws you but does no damage. x2
The black bear bites you.
* * * LOW HITPOINT WARNING * * *
The black bear barely misses you. The black bear claws you.
* * * LOW HITPOINT WARNING * * *
You shoot an arrow. The arrow hits the black bear.
The black bear is almost dead.
The black bear bites you but does no damage.
The black bear claws you.
* * * LOW HITPOINT WARNING * * *
The black bear claws you but does no damage.
The black bear bites you.
You die...

### #.# #
..#.# ..
##.#. .. ...
##.####h#
#...#<#@#
#<..#.#.# ..
##..#.#.#
....#...#.#.#
##.......#.#
......#.###.#
)...#.......#
.#< #.#.#####
#.#.#


You could see a black bear (berserk).

Vanquished Creatures
  3 adders
  2 worms
  2 dart slugs
  4 orcs
  4 ball pythons
  7 endoplasms
  6 giant cockroaches
  4 goblins
  5 hobgoblins
  6 quokkas
  6 bats
  A frilled lizard (D:2)
  4 kobolds
  11 rats
65 creatures vanquished.

Notes
Turn   | Place    | Note
-------+----------+-------------------------------------------
     0 | D:1      | cdecastro the Minotaur Hunter began the quest for the Orb.
     0 | D:1      | Reached XP level 1. HP: 18/18 MP: 0/0
   119 | D:1      | Reached XP level 2. HP: 25/25 MP: 1/1
   166 | D:1      | Reached skill level 5 in Ranged Weapons
   809 | D:2      | Reached XP level 3. HP: 30/30 MP: 2/2
  1003 | D:2      | Reached skill level 6 in Ranged Weapons
  1298 | D:3      | Reached XP level 4. HP: 37/37 MP: 3/3
  1578 | D:3      | Found Jorchoh's Antique Weapon Shoppe.
  1725 | D:4      | Noticed a black bear
  1736 | D:4      | Slain by a black bear

Illustrated notes

Levels and vault maps discovered:
D:1:      dpeg_arrival_yet_another_circle, layout_basic
D:2:      layout_rooms, serial_glass, glass_columns_b, glass_columns_a
D:3:      layout_rooms, serial_shops, nicolae_shop_real_fake_doors,
          grunt_decor_one_mirror, minmay_joined_circles
D:4:      cheibrodos_helix_gallery, layout_basic

Skill      XL: |  1  2  3 |
---------------+----------+-----
Ranged Weapons | 5 6 |  6.6
Fighting       | |  2.4
Dodging        | |  2.1
Stealth        | |  0.7

Action                     |  1- 3 |  4- 6 || total
---------------------------+-------+-------++-------
   Fire: Shortbow          |   116 |    63 ||   179
 Armour: Leather armour    |     4 |       ||     4
         Chain mail        |     4 |    49 ||    53
  Dodge: Dodged            |    20 |    32 ||    52
